 Dungeon Crawl Stone Soup version 0.27.1-34-g3ba077fa99 (webtiles) character file.

Game seed: 12037819979504795218

155 cbfl8 the Sneak (level 5, -2/46 HPs)
             Began as a Minotaur Delver on Jan 20, 2022.
             Slain by Grinder (6 damage)
             ... on level 3 of the Dungeon.
             The game lasted 00:04:55 (2698 turns).

cbfl8 the Sneak (Minotaur Delver)                   Turns: 2698, Time: 00:04:56

Health: -2/46      AC:  5    Str: 17    XL:     5   Next: 14%
Magic:  4/4        EV: 11    Int:  8    God:
Gold:   53         SH:  0    Dex: 11    Spells: 4/4 levels left

rFire    . . .     SeeInvis .   a - +0 hand axe
rCold    . . .     Faith    .   (no shield)
rNeg     . . .     Spirit   .   i - +0 ring mail
rPois    .         Reflect  .   (helmet restricted)
rElec    .         Harm     .   (no cloak)
rCorr    .         Rampage  .   (no gloves)
Will     .....                  (no boots)
Stlth    ++........             (no amulet)
HPRegen  0.15/turn              (no ring)
MPRegen  0.09/turn              (no ring)

@: no status effects
A: horns 2, retaliatory headbutt
a: no special abilities


You were on level 3 of the Dungeon.
You visited 1 branch of the dungeon, and saw 5 of its levels.

You collected 53 gold pieces.

Inventory:

Hand Weapons
 a - a +0 hand axe (weapon)
Armour
 b - a +0 leather armour
 i - a +0 ring mail (worn)
 l - a +2 leather armour of willpower
Jewellery
 p - an amulet of guardian spirit
Wands
 g - a wand of digging (3)
Scrolls
 c - 2 scrolls of fog
 d - a scroll of magic mapping
 e - a scroll of fear
 h - 4 scrolls of identify
 m - a scroll of immolation
Potions
 f - 2 potions of haste
 j - a potion of cancellation {unknown}
 k - a potion of might {unknown}
 n - a potion of heal wounds {unknown}


   Skills:
 + Level 4.2 Fighting
 + Level 3.5 Axes
 + Level 2.5 Armour
 + Level 2.8 Dodging
 + Level 4.9 Stealth


You had 4 spell levels left.
You didn't know any spells.
Your spell library contained the following spells:

 Spells                   Type           Power      Damage    Failure   Level
 Beastly Appendage        Tmut           0%         N/A       61%         1
 Foxfire                  Conj/Fire      0%         2x1d4     61%         1
 Slow                     Hex            0%         N/A       75%         2
 Wereblood                Tmut           0%         N/A       75%         2
 Confusing Touch          Hex            0%         N/A       93%         3
 Conjure Flame            Conj/Fire      0%         6-21      93%         3
 Inner Flame              Hex/Fire       0%         N/A       93%         3
 Spider Form              Tmut/Pois      0%         N/A       93%         3
 Yara's Violent Unravell  Hex/Tmut       0%         3d3       100%        5


Dungeon Overview and Level Annotations

Branches:
Dungeon (5/15)
 Temple: D:4-7

Altars:

Annotations:
D:3 Grinder


Innate Abilities, Weirdness & Mutations

You have a pair of horns on your head.
You reflexively headbutt those who attack you in melee.


Message History

The goblin hits you with a +0 dagger. Grinder gestures at you.
You shrug off the repeated paralysis!
Unknown command.
You closely miss the goblin.
The goblin is heavily wounded.
The goblin hits you with a +0 dagger. The goblin misses you.
Unknown command.
You hit the goblin.
You kill the goblin!
You closely miss Grinder.
Grinder says, "Mostly I couldn't keep them alive."
Grinder hits you but does no damage.
Unknown command.
Grinder hits you but does no damage.
You see here a +0 dagger.
Grinder hits you!
You writhe in agony.
Unknown command.
You hit Grinder.
Grinder is lightly wounded.
Grinder hits you.
Unknown command.
You hit Grinder.
Grinder is lightly wounded.
Grinder hits you.
You writhe in agony.
* * * LOW HITPOINT WARNING * * *
Grinder hits you.
* * * LOW HITPOINT WARNING * * *
You writhe in agony.
* * * LOW HITPOINT WARNING * * *
You barely miss Grinder.
Grinder is lightly wounded.
Grinder hits you but does no damage.
Unknown command.
You closely miss Grinder.
Grinder is lightly wounded.
Grinder hits you!
* * * LOW HITPOINT WARNING * * *
You writhe in agony.
You die...

..####....#
#..........# .
#..........# .###
#.........####....
#.................
###........[........
..........<.........
#......@5.........
##.....)..<.......
##.......!..#....
####......## .
####...# #.....
##..... #.#.<..
.......


You could see Grinder.

Vanquished Creatures
  5 adders (D:2)
  4 gnolls
  2 ufetubi (D:4)
  A worm (D:2)
  A dart slug (D:1)
  6 endoplasms
  2 giant cockroaches
  10 goblins
  2 hobgoblins (D:2)
  3 jackals (D:1)
  3 quokkas
  3 ball pythons
  6 bats
  3 frilled lizards
  6 kobolds
  2 rats (D:2)
59 creatures vanquished.

Notes
Turn   | Place    | Note
-------+----------+-------------------------------------------
     0 | D:5      | cbfl8 the Minotaur Delver began the quest for the Orb.
     0 | D:5      | Reached XP level 1. HP: 19/19 MP: 0/0
    22 | D:5      | Noticed a black bear
    70 | D:4      | Reached XP level 2. HP: 17/27 MP: 1/1
   197 | D:3      | Noticed Grinder
   402 | D:1      | Reached XP level 3. HP: 19/33 MP: 2/2
  1115 | D:2      | Reached skill level 1 in Armour
  1160 | D:2      | Reached XP level 4. HP: 15/40 MP: 3/3
  2377 | D:2      | Reached XP level 5. HP: 43/46 MP: 4/4
  2656 | D:2      | You fall into a shaft and drop 2 floors!
  2685 | D:3      | Paralysed by Grinder for 3 turns
  2698 | D:3      | Slain by Grinder

Illustrated notes

Levels and vault maps discovered:
D:1:      minmay_arrival_diagonal_passages, layout_basic
D:2:      layout_basic, serial_corexii_hall, corexii_hall_statues_l,
          chequers_hall_statues_wall_a, minmay_between
D:3:      layout_rooms, nicolae_overflow_hidden_temple, supply_closet_lemuel,
          uniq_grinder, uniq_natasha
D:4:      layout_loops_cross, grunt_temple_overflow_open,
          minmay_temple_entry_offerings, ebering_ghost_reflecting_pool,
          uniq_blork_the_orc, uniq_edmund
D:5:      layout_cave_pools

Skill      XL: |  1  2  3  4 |
---------------+-------------+-----
Fighting       | 4 |  4.2
Armour         | 1 2 |  2.5
Axes           | 3 |  3.5
Dodging        | |  2.8
Stealth        | |  4.9

Action                   |  1- 3 |  4- 6 || total
-------------------------+-------+-------++-------
Melee: Hand axe          |    60 |    57 ||   117
       Headbutt          |     8 |     9 ||    17
  Use: Scroll            |       |     3 ||     3
 Stab: Sleeping          |     4 |     1 ||     5
Armor: Leather armour    |    29 |     5 ||    34
       Ring mail         |       |    18 ||    18
Dodge: Dodged            |    57 |    36 ||    93
